 Dungeon Crawl Stone Soup version 0.20.1-1-g8b1a95d (webtiles) character file.

80 miragecloak the Cudgeler (level 4, -7/35 HPs)
             Began as a Formicid Abyssal Knight on July 3, 2017.
             Was a Follower of Lugonu.
             Mangled by a steam dragon (10 damage)
             ... on level 4 of the Dungeon.
             The game lasted 00:03:16 (2318 turns).

miragecloak the Cudgeler (Formicid Abyssal Knight)  Turns: 2318, Time: 00:03:17

Health: -7/35      AC:  4    Str: 16    XL:     4   Next: 65%
Magic:  5/5        EV: 11    Int: 12    God:    Lugonu [*.....]
Gold:   127        SH:  0    Dex: 11    Spells: 3/3 levels left

rFire    . . .     SeeInvis +   a - +1 mace
rCold    + . .     Gourm    .   (no shield)
rNeg     . . .     Faith    .   b - +0 leather armour
rPois    .         Spirit   .   (helmet unavailable)
rElec    .         Reflect  .   (no cloak)
rCorr    .         Harm     .   (no gloves)
MR       .....                  o - +0 pair of boots
Stlth    +.........             (no amulet)
Regen    0.2/turn               n - ring of flight
MPRegen  0.1/turn               p - ring of protection from cold

@: no status effects
A: permanent stasis, dig shafts and tunnels, four strong arms, antennae 3
a: Dig, Shaft Self, Depart the Abyss, Renounce Religion, Evoke Flight


You were on level 4 of the Dungeon.
You worshipped Lugonu.
Lugonu was aware of your devotion.
You were hungry.

You visited 1 branch of the dungeon, and saw 4 of its levels.
You visited the Abyss 1 time.

You collected 127 gold pieces.

Inventory:

Hand Weapons
 a - a +1 mace (weapon)
Armour
 b - a +0 leather armour (worn)
 o - a +0 pair of boots (worn)
Jewellery
 n - a ring of flight (left hand)
 p - a ring of protection from cold (right hand)
 q - an uncursed amulet of guardian spirit {unknown}
Scrolls
 d - a scroll of magic mapping {unknown}
 g - 6 scrolls of identify {unknown}
 j - a scroll of enchant weapon {unknown}
 l - a scroll of teleportation {unknown}
 r - a scroll of remove curse {unknown}
Potions
 e - a potion of heal wounds {unknown}
 f - a potion of flight {unknown}
 h - 2 potions of mutation {unknown}
 m - a potion of lignification {unknown}
 s - a potion of degeneration {unknown}
Comestibles
 c - 2 bread rations
 i - 5 fruits
 k - 3 meat rations


   Skills:
 - Level 3.2 Fighting
 + Level 4.5 Maces & Flails
 - Level 2.1 Armour
 - Level 0.8 Dodging
 - Level 2.1 Invocations


You had 3 spell levels left.
You didn't know any spells.

Dungeon Overview and Level Annotations

Branches:
Dungeon (4/15)
 Temple: D:4-7

Altars:

Annotations:
D:2 Robin
D:3 KleinerIrrer's ghost, amateur GrFi


Innate Abilities, Weirdness & Mutations

You cannot be hasted, slowed, berserked, paralysed or teleported.
You can dig through walls and to a lower floor.
Your four strong arms can wield two-handed weapons with a shield.
You have a pair of large antennae on your head. (SInv)


Message History

There are monsters nearby!
Found 21 gold pieces.
You hit the steam dragon.
The steam dragon is lightly wounded.
The steam dragon bites you.
The steam dragon claws you but does no damage.
The steam dragon bites you.
The steam dragon claws you but does no damage.
You barely miss the steam dragon.
The steam dragon is lightly wounded.
The quokka barely misses you. The steam dragon breathes steam at you.
The ball of steam hits you!
Ouch! That really hurt!
* * * LOW HITPOINT WARNING * * *
Are you sure you want to shaft yourself?
You feel quite a bit more hungry. The steam dragon barely misses you. x2
You begin to dig a shaft.
You continue digging a shaft.
The steam dragon bites you!
You die...

.## ..# ###.#
##.#.# ##.#..# #
#.###.#
#.####.#..#
#.rD#.###.#
##$#@#.#..#
########.# ###
###...#..#....
#<.........#
#..........#
#..........#
#..........#
#............#
.............#..


You could see a steam dragon and a quokka.

Vanquished Creatures
  2 adders
  2 oozes
  A worm (D:2)
  A dart slug (D:1)
  3 leopard geckos
  An orc (D:3)
  4 bats
  3 giant cockroaches
  10 goblins
  4 hobgoblins
  A quokka (D:3)
  4 frilled lizards
  A kobold (D:2)
  A leopard gecko skeleton (D:3)
  4 rats
42 creatures vanquished.

Notes
Turn   | Place    | Note
-------+----------+-------------------------------------------
     0 | Abyss:1  | miragecloak the Formicid Abyssal Knight began the quest for the Orb.
     0 | Abyss:1  | Reached XP level 1. HP: 18/18 MP: 2/2
    30 | Abyss:1  | Noticed a lich
    31 | D:1      | Escaped the Abyss
   101 | D:1      | Reached XP level 2. HP: 9/24 MP: 3/3
   200 | D:1      | Reached * piety under Lugonu
   202 | D:1      | Reached skill level 3 in Maces & Flails
   533 | D:1      | Reached XP level 3. HP: 29/29 MP: 4/4
  1525 | D:2      | Reached XP level 4. HP: 32/35 MP: 5/5
  1530 | D:2      | Reached skill level 4 in Maces & Flails
  1741 | D:2      | Noticed Robin
  1983 | D:3      | Noticed KleinerIrrer's ghost (amateur GrFi)
  2312 | D:4      | Noticed a steam dragon
  2318 | D:4      | Mangled by a steam dragon

Skill      XL: |  1  2  3  4 |
---------------+-------------+-----
Maces & Flails | 3 4 |  4.5
Fighting       | |  3.2
Armour         | |  2.1
Dodging        | |  0.8
Invocations    | |  2.1

Action                   |  1- 3 |  4- 6 || total
-------------------------+-------+-------++-------
Melee: Mace              |    83 |    57 ||   140
Invok: Depart the Abyss  |     1 |       ||     1
 Abil: Shaft Self        |       |     1 ||     1
  Eat: Chunk             |     2 |     2 ||     4
Armor: Leather armour    |    23 |    14 ||    37
Dodge: Dodged            |    61 |    48 ||   109
